[Event "Romanian Superleague 2022"]
[Site "Oradea"]
[Date "2022.09.29"]
[Round "9.19"]
[White "Nguyen, Thai Dai Van"]
[Black "Berkes, Ferenc"]
[Result "1/2-1/2"]
[ECO "E04"]
[WhiteElo "2627"]
[BlackElo "2651"]
[Annotator "TA"]
[PlyCount "65"]
[EventDate "2022.09.21"]
[EventType "team-tourn"]
[EventCountry "ROU"]
[SourceTitle "playchess.com"]
[Source "ChessBase"]
[SourceQuality "1"]
[TimeControl "40/5400+30:1800+30"]

1. d4 Nf6 2. c4 e6 3. g3 d5 4. Bg2 dxc4 5. Nf3 c5 6. O-O Nc6 7. dxc5 Qxd1 8. Rxd1 Bxc5 9. Nbd2 c3 10. bxc3 O-O 11. Nb3 Be7 12. c4 Bd7 13. Bb2 {[%emt 0:00:18] E04: Open Catalan: 5 Nf3.} Rfd8 14. Nfd4 Rac8 15. Nb5 b6 16. Nd6 Rc7 17. Nb5 Rcc8 18. Nd6 {[%emt 0:00:08] [#] Black must now prevent Bxf6.} Rc7 19. Ba3 {[%emt 0:00:11] Hoping for Nb5.} Ne5 20. Nb5 Bxb5 21. Rxd8+ Bxd8 22. cxb5 {[%emt 0:00:04] [#] Bd6 is the strong threat.} Nc4 {[%emt 0:08:33] Inhibits Bd6. The position is equal.} 23. Rd1 Rd7 24. Rxd7 Nxd7 25. Bb4 Bc7 {[%emt 0:01:59] [#]} 26. Nd4 $146 ({Predecessor:} 26. e3 Bd6 27. Bc3 Na3 28. Bf1 Nc2 29. e4 Bb4 30. Bb2 Kf8 31. Bd3 Ne1 32. Be2 Nc2 33. Bd1 Na3 34. Nd4 {½-½ (42) Dutra,A (2406)-Seelig,J (2327) ICCF email 2017}) 26... Bd6 27. Be1 Na3 28. e3 Bc5 29. Nc6 Nxb5 30. a4 Na3 31. Nxa7 Nc2 {[%emt 0:00:17] Pair of Knights!} 32. Bc3 Bb4 33. Bc6 {[%emt 0:03:03] An even fight not without its subleties.  Weighted Error Value: White=0.02 (flawless) /Black=0.00 (flawless)} 1/2-1/2

[Event "Romanian Superleague 2022"]
[Site "Oradea"]
[Date "2022.09.29"]
[Round "9.20"]
[White "Lupulescu, Constantin"]
[Black "Nisipeanu, Liviu-Dieter"]
[Result "1/2-1/2"]
[ECO "B30"]
[WhiteElo "2614"]
[BlackElo "2633"]
[Annotator "TA"]
[PlyCount "85"]
[EventDate "2022.09.21"]
[EventType "team-tourn"]
[EventCountry "ROU"]
[SourceTitle "playchess.com"]
[Source "ChessBase"]
[SourceQuality "1"]
[TimeControl "40/5400+30:1800+30"]

1. e4 c5 2. Nf3 e6 3. g3 Nc6 4. Bg2 Nf6 5. d3 d6 6. O-O Be7 7. a4 {[%emt 0:04:39] B30: Sicilian: 2...Nc6 3 Bb5, lines without ...g6.} O-O 8. Na3 a6 9. Nc4 d5 {[%emt 0:04:02] [#]} 10. Nce5 $146 ({Predecessor:} 10. Ncd2 Qc7 11. Re1 dxe4 12. dxe4 e5 13. c3 h6 14. Nh4 Be6 15. Nf5 b5 16. axb5 axb5 17. Rxa8 Rxa8 {0-1 (38) Malecki,R (1959)-Musial,I (1896) Poronin 2021}) 10... Nxe5 ({Don't do} 10... dxe4 11. Nxc6 bxc6 12. dxe4 $16) 11. Nxe5 Qc7 12. Ng4 Nxg4 13. Qxg4 e5 14. Qe2 d4 15. a5 Bd7 16. Bd2 b5 (16... Bd6 $11) 17. axb6 $1 $14 Qxb6 18. Ba5 Qb8 19. b3 Bd8 20. f4 Bxa5 21. Rxa5 Qc7 22. Qd2 f6 23. h4 Qd6 24. f5 Kf7 25. g4 h6 26. Kf2 Rh8 27. Kg3 Ke7 28. Bf3 Bb5 29. Kf2 Kd7 30. Rg1 Kc7 31. Ke2 Kb6 32. Kd1 Qe7 33. Kc1 Qd6 34. Kb2 Qe7 35. Rga1 Kb7 36. Rh1 Kb6 37. Rg1 Ra7 38. Rg3 Raa8 39. Bd1 Qd6 40. Bf3 Qe7 41. Rg2 Qd6 42. Rg1 Qe7 43. Rg3 {[%emt 0:13:13] Weighted Error Value: White=0.08 (flawless) /Black=0.07 (flawless)} 1/2-1/2

[Event "Romanian Superleague 2022"]
[Site "Oradea"]
[Date "2022.09.29"]
[Round "9.21"]
[White "Mendonca, Leon Luke"]
[Black "Jianu, Vlad-Cristian"]
[Result "1/2-1/2"]
[ECO "D37"]
[WhiteElo "2558"]
[BlackElo "2511"]
[Annotator "TA"]
[PlyCount "92"]
[EventDate "2022.09.21"]
[EventType "team-tourn"]
[EventCountry "ROU"]
[SourceTitle "playchess.com"]
[Source "ChessBase"]
[SourceQuality "1"]
[TimeControl "40/5400+30:1800+30"]

1. d4 Nf6 2. c4 e6 3. Nf3 d5 4. Nc3 a6 5. cxd5 exd5 6. Bg5 {[%emt 0:00:15] D37: Queen's Gambit Declined: 5 Bf4.} Be6 7. Qb3 Nbd7 8. e3 Rb8 9. Ne5 Be7 10. Nxd7 Nxd7 11. Bf4 {[%emt 0:00:17] [#]} Bg5 $146 ({Predecessor:} 11... Nf6 12. h3 O-O 13. Bd3 Bd6 14. Bxd6 Qxd6 15. O-O Qe7 16. Qc2 Rfe8 17. Na4 c6 {0-1 (55) Yoo,C (2479)-Sadhwani,R (2555) Chess.com INT 2021}) 12. Bg3 (12. Nxd5 $2 Bxf4 13. Bc4 (13. exf4 $2 Nb6 $19) 13... Bd6 $19) 12... Bh4 13. Bxh4 ({Don't blunder} 13. Nxd5 $2 Bxg3 14. hxg3 c6 $19) 13... Qxh4 14. Qc2 ({Wrong is} 14. Nxd5 $2 O-O 15. Rc1 Nb6 $19) 14... O-O 15. Bd3 h6 16. O-O Qe7 17. Ne2 Nf6 18. Rfc1 c6 19. Qd2 Ne8 20. Nc3 Nd6 21. Na4 Bf5 22. Bf1 Rfe8 23. Nc5 Ne4 24. Qe1 Nxc5 25. Rxc5 Qg5 26. b4 Re6 27. a4 Be4 28. Qe2 Rbe8 29. Rc3 (29. b5 {is interesting.} Rg6 30. g3 axb5 31. axb5 h5 32. bxc6 bxc6 33. Rac1) 29... Rf6 30. Kh1 Rg6 {[%emt 0:03:00][%cal Re4g2] The position is equal.} 31. f3 Bf5 32. Qf2 Rge6 33. Raa3 h5 34. h4 Qh6 35. b5 axb5 36. axb5 Kh7 37. Ra7 Rxe3 38. Rxe3 Qxe3 39. Qxe3 Rxe3 $11 {[%emt 0:00:01][%mdl 4096] Endgame KRB-KRB} 40. Kg1 $1 ({Much worse is} 40. bxc6 bxc6 41. Kg1 Kg6 $15) 40... cxb5 41. Rxb7 Re1 {[%emt 0:14:14] [#] Threatens to win with ...Bd3.} 42. Kf2 Rd1 43. Rxf7 Bg6 44. Rb7 Rxd4 45. Rxb5 Rxh4 46. Rxd5 Ra4 {[%emt 0:18:28] A balanced but interesting game.  Weighted Error Value: White=0.04 (flawless) /Black=0.03 (flawless)} 1/2-1/2

[Event "Romanian Superleague 2022"]
[Site "Oradea"]
[Date "2022.09.29"]
[Round "9.22"]
[White "Parligras, Mircea-Emilian"]
[Black "Ghimpu, Samuel-Timotei"]
[Result "1/2-1/2"]
[ECO "D24"]
[WhiteElo "2560"]
[BlackElo "2434"]
[Annotator "TA"]
[PlyCount "82"]
[EventDate "2022.09.21"]
[EventType "team-tourn"]
[EventCountry "ROU"]
[SourceTitle "playchess.com"]
[Source "ChessBase"]
[SourceQuality "1"]
[TimeControl "40/5400+30:1800+30"]

1. d4 Nf6 2. c4 e6 3. Nf3 d5 4. Nc3 dxc4 5. e4 Bb4 6. Bxc4 {[%emt 0:00:39] D24: Queen's Gambit Accepted: 3 Nf3 Nf6 4 Nc3.} Nxe4 7. O-O Nxc3 8. bxc3 ({Much weaker is} 8. Qb3 Nd5 9. Bxd5 Qxd5 $17) 8... Be7 9. Qe2 O-O 10. Rd1 c5 {[%emt 0:00:04] [#]} (10... Nd7 $11) 11. Bf4 $146 {[%emt 0:05:24] White is much more active.} (11. d5 $1 $16 exd5 12. Bxd5 (12. Rxd5 Qe8 $14)) ({Predecessor:} 11. d5 e5 12. d6 Bxd6 13. Ng5 Bf5 14. Qf3 Qd7 15. Rxd6 Qxd6 16. Qxf5 Qd1+ 17. Bf1 {1-0 (54) Adhiban,B (2659)-Sarana,A (2654) Chess.com INT 2020}) 11... cxd4 12. cxd4 Bf6 13. d5 {[%emt 0:26:41][%cal Rd5e6] Against Nc6} e5 (13... Bxa1 $2 14. dxe6 Qxd1+ 15. Qxd1 Bxe6 16. Bxe6 fxe6 17. Bxb8 $18) (13... Qe8 $11) 14. Bxe5 Bg4 $1 15. Bxf6 Qxf6 16. Rab1 Nd7 17. Re1 (17. d6 {with more complications.} Rae8 18. Qb2 Ne5 19. d7) 17... Nb6 18. Bb3 Bxf3 19. Qxf3 Qxf3 20. gxf3 Nc8 {[%emt 0:00:04] Prevents Re7.} 21. Rbc1 (21. d6 $5) 21... Nd6 22. Re7 Rfd8 23. Rcc7 a5 ({Better is} 23... Kf8 $15) 24. a4 (24. Bc2 $11) 24... Ra6 $15 25. Bc4 Rb6 26. Bb5 g6 27. Kg2 Rf8 28. Rc5 Nxb5 29. axb5 $11 {[%emt 0:03:02][%mdl 4096] Endgame KRR-KRR} Rd8 30. Rcc7 Rf6 31. Rc5 (31. Rxb7 $11 Rxd5 32. h4) 31... Rb6 32. Rcc7 Rf6 33. Rc5 {[%emt 0:00:05] [#]} b6 $1 34. Rc6 Kg7 35. Rb7 Rxd5 36. Rxf6 (36. Rcxb6 $17 Rg5+ 37. Kf1) 36... Kxf6 $19 37. Rxb6+ $17 {[%emt 0:00:06] KR-KR} Ke5 38. Rb7 Kf6 $2 (38... Kd4 $19 {Threatens to win with ...Kc5.} 39. f4 Kc5) 39. b6 {[%emt 0:00:15] The position is equal.} Rb5 40. Ra7 Rxb6 {[%emt 0:00:00] Strongly threatening ...Rb5.} 41. Rxa5 h5 {[%emt 0:00:11] Weighted Error Value: White=0.19 (very precise) /Black=0.18 (very precise)} 1/2-1/2

[Event "Romanian Superleague 2022"]
[Site "Oradea"]
[Date "2022.09.29"]
[Round "9.23"]
[White "David, Alexandru-Vasile"]
[Black "Gavrilescu, David"]
[Result "1/2-1/2"]
[ECO "B12"]
[WhiteElo "2417"]
[BlackElo "2523"]
[Annotator "TA"]
[PlyCount "96"]
[EventDate "2022.09.21"]
[EventType "team-tourn"]
[EventCountry "ROU"]
[SourceTitle "playchess.com"]
[Source "ChessBase"]
[SourceQuality "1"]
[TimeControl "40/5400+30:1800+30"]

1. e4 c6 2. d4 d5 3. e5 Bf5 4. h4 h5 5. Bd3 Bxd3 6. Qxd3 {[%emt 0:00:06][%cal Oe5e6] B12: Caro-Kann: Advance Variation.} Qa5+ 7. Nd2 {[%emt 0:00:14][%cal Oe5e6] Threatens to win with e6!} e6 8. Ngf3 Nh6 9. O-O Nf5 10. Nb3 Qb5 11. Qd1 c5 12. a4 Qb6 13. dxc5 Bxc5 14. Nxc5 Qxc5 15. c3 Nc6 16. Re1 Rc8 {[%emt 0:01:51] [#]} 17. Qd3 $146 ({Predecessor:} 17. Bf4 Nce7 18. g3 a5 19. Rc1 Qb6 20. b3 Rc6 21. Bg5 Qc7 22. Bd2 Ng6 23. Kg2 {½-½ (56) Elsness,F (2464)-Ostmoe,G (2483) Kongsvinger 2022}) 17... Nce7 18. Qb5+ Qc6 19. Bg5 a6 20. Qe2 Qb6 21. a5 Qc7 22. Bxe7 Qxe7 23. Ra4 $1 Rc5 24. Rea1 g6 25. g3 O-O 26. Kg2 Rfc8 27. Rf4 Rc4 {[%emt 0:05:36] Strongly threatening ...Rxf4.} 28. Ra4 Rxf4 29. Rxf4 Rc5 30. Ra4 Qd8 (30... Qd7 $1 $15 31. Qd1 Qc6) 31. Rb4 $11 Qe7 (31... Qc7 $11) 32. Ra4 $15 Qd8 33. Rb4 Qe7 34. Nd4 (34. Ra4 $11) 34... Nxd4 ({Reject} 34... Rxa5 35. Nxf5 exf5 36. Rb6 $11) 35. Rxd4 (35. cxd4 $15 {is more appropriate.} Rxa5 36. Qd2) 35... Rxa5 {[%emt 0:00:11][%mdl 4096] Endgame KQR-KQR} 36. Qd2 Rc5 37. g4 hxg4 (37... Qxh4 $2 38. g5 Qxd4 39. Qxd4 $18) 38. Rxg4 {[%emt 0:01:12] [#]} Rc4 $1 39. f4 (39. Rxc4 $17 dxc4 40. Qg5) 39... Kf8 $19 40. h5 gxh5 41. Rg5 Ke8 42. Qf2 {[%emt 0:01:51] [#]} Qc5 $1 43. Rg8+ Kd7 {[%emt 0:01:38] White must now prevent ...Qxf2+.} 44. Qh4 (44. Qxc5 Rxc5 45. Kh3) 44... Qb6 45. b3 Rxc3 {[%emt 0:06:41] aiming for ...Rc2+.} 46. Qf6 Rc2+ 47. Kh3 Rc3+ $2 (47... Qe3+ $19 48. Rg3 Qe4 49. Qxf7+ Kc6) 48. Kg2 $11 {[%emt 0:00:23] Chess con chili.} Rc2+ {[%emt 0:02:10] Weighted Error Value: White=0.22 (precise) /Black=0.30} 1/2-1/2

[Event "Romanian Superleague 2022"]
[Site "Oradea"]
[Date "2022.09.29"]
[Round "9.24"]
[White "Costachi, Mihnea"]
[Black "Berescu, Alin-Mile"]
[Result "1-0"]
[ECO "D27"]
[WhiteElo "2470"]
[BlackElo "2440"]
[Annotator "TA"]
[PlyCount "59"]
[EventDate "2022.09.21"]
[EventType "team-tourn"]
[EventCountry "ROU"]
[SourceTitle "playchess.com"]
[Source "ChessBase"]
[SourceQuality "1"]
[TimeControl "40/5400+30:1800+30"]

1. d4 d5 2. c4 dxc4 3. Nf3 Nf6 4. e3 e6 5. Bxc4 a6 6. a4 c5 7. O-O Nc6 8. Qe2 cxd4 9. Rd1 Be7 10. exd4 O-O 11. Nc3 Nb4 12. Ne5 b6 13. Qf3 Ra7 {[%emt 0:10:37] D27: Queen's Gambit Accepted: Classical main line: 7 e4!? and 7 a4.} 14. Qg3 Bb7 15. Bh6 {[%emt 0:13:36][%csl Gh6][%cal Rg3g7] [#]} Ne8 {[%emt 0:00:23] [#] The position is equal.} ({Don't play} 15... Nh5 16. Qg4 $16) 16. Bf4 $146 ({Predecessor:} 16. Bb3 Ra8 17. Rac1 Kh8 18. Bf4 Nf6 19. Qh3 Kg8 20. Bg5 Ne4 21. Nxe4 Bxe4 22. Bd2 {½-½ (31) Khademalsharieh,S (2489)-Huang,Q (2443) China 2019}) 16... Nd6 17. d5 ({Avoid the trap} 17. Bh6 $2 Nf5 18. Qf4 Nxh6 $19) 17... Nxc4 $2 {[%emt 0:14:22] [#]} (17... Bh4 $11 18. Qg4 Nxc4 19. Nxc4 Nxd5) 18. dxe6 $1 $40 {[%emt 0:04:31][%mdl 128] Black is in trouble. Really sharp!} Qc8 $2 (18... Bd5 {was called for.}) 19. Bh6 g6 (19... Bf6 20. Nd7 Qd8) 20. exf7+ (20. Rd7 Nxe5 21. Rxe7 (21. Qxe5 f6 $11) 21... f6 $16) 20... Rxf7 21. Nxg6 {[%emt 0:00:03][%mdl 64] Demolition} hxg6 22. Qxg6+ Kh8 23. Qxf7 Qg8 {[%emt 0:00:04] Against Qg7+} 24. Qxg8+ Kxg8 25. Rd7 {[%emt 0:00:07] White is clearly winning.} Nc6 26. Re1 Bf8 (26... N4e5 $142) 27. Re8 Ra8 28. Rxf8+ Rxf8 29. Bxf8 Bc8 30. Rc7 {[%emt 0:00:06][%csl LRc6,LRc8] White took control after the opening.  Weighted Error Value: White=0.78/Black=1.12} 1-0

[Event "Romanian Superleague 2022"]
[Site "Oradea"]
[Date "2022.09.29"]
[Round "9.25"]
[White "Miron, Lucian-Costin"]
[Black "Dobre, Claudiu-Cristian"]
[Result "1/2-1/2"]
[ECO "E07"]
[WhiteElo "2498"]
[BlackElo "2268"]
[Annotator "TA"]
[PlyCount "162"]
[EventDate "2022.09.21"]
[EventType "team-tourn"]
[EventCountry "ROU"]
[SourceTitle "playchess.com"]
[Source "ChessBase"]
[SourceQuality "1"]
[TimeControl "40/5400+30:1800+30"]

1. d4 d5 2. c4 c6 3. Nf3 Nf6 4. Nc3 e6 5. g3 Nbd7 6. Qd3 Be7 7. Bg2 b6 8. O-O O-O 9. e4 Ba6 10. b3 c5 {[%emt 0:02:51] E07: Closed Catalan: Main Line (5 Nf3 0-0 6 0-0 Nbd7).} 11. exd5 Nxd5 {[%emt 0:00:13] [#]} 12. Ne4 $146 ({Predecessor:} 12. Nb5 Bxb5 13. cxb5 Bf6 14. Bb2 Rc8 15. Qe2 cxd4 16. Nxd4 Nc3 17. Bxc3 Rxc3 18. Nc6 {½-½ (49) Kukhmazov,A (2472)-Haznedaroglu,K (2442) Novi Sad 2022}) 12... Rc8 {[%emt 0:15:44] White is slightly better.} 13. Bb2 ({Much weaker is} 13. Neg5 N5f6 $11) 13... N5f6 14. Rad1 {[%emt 0:11:27] White is more active.} Bb7 15. Nfg5 Nxe4 16. Nxe4 Bxe4 17. Qxe4 {[%emt 0:03:22] Threatens to win with d5.} Bf6 {[%emt 0:00:37] [#]} 18. dxc5 $1 Nxc5 (18... Bxb2 19. c6) 19. Qc2 ({But not} 19. Rxd8 Nxe4 20. Rxf8+ Kxf8 $14) 19... Qe7 20. Bxf6 gxf6 21. Rd4 Rfd8 22. Rfd1 Rxd4 23. Rxd4 Rd8 24. Qd1 Rxd4 25. Qxd4 $11 {[%emt 0:00:01][%mdl 4096] Endgame KQB-KQN} a5 26. h4 Kg7 27. Bc6 Qc7 28. Bf3 h6 29. Kg2 Qd7 30. Qg4+ Kh7 31. Qf4 (31. Be4+ {keeps more tension.} f5 32. Bc2 Qd2 33. Qd1) 31... Qd8 32. Be4+ f5 33. Bc2 Kg7 34. a3 Qf6 35. b4 axb4 36. axb4 Na6 37. c5 Qc3 38. Bd1 (38. cxb6 $11 Qc6+ 39. Kg1 Qxc2 40. b7) 38... Nxb4 $15 39. cxb6 {[%emt 0:00:11] [#] Bf3 is the strong threat.} Qc6+ (39... Nd5 $1 $15 40. Qb8 Qc6) 40. Bf3 $11 Qxb6 41. Qe5+ $1 Kg8 {[%emt 0:00:43][%cal Ob6f2] aiming for ...Qxf2+!} 42. Qc3 (42. Qf6 $1 $11) 42... Qd6 $15 43. Qf6 Qf8 44. Qd4 Na6 45. Bc6 Qc5 46. Qxc5 Nxc5 {[%emt 0:00:06] KB-KN} 47. Kf3 Nd3 {[%emt 0:06:37] White must now prevent ...Ne5+.} 48. Bb5 Ne5+ 49. Kf4 Ng6+ 50. Ke3 Kg7 51. Kf3 Kf6 52. Be8 Ke7 53. Bb5 Kd6 54. Be8 Ne5+ 55. Ke2 f6 56. Ba4 Nc6 57. Ke3 Nb4 58. Kf3 Ke5 59. Ke3 Nd5+ 60. Kf3 $1 Kd4 {[%emt 0:01:20] Strongly threatening ...e5.} 61. Bd7 Ke5 62. Ba4 $1 Nc3 63. Bd7 Ne4 64. Ke3 Nc5 65. Be8 Nb3 66. Ba4 Nd4 67. Be8 Kd5 68. Bf7 Kc5 69. Bg8 e5 70. Bh7 Kc4 71. Bg8+ Kc3 (71... Kb5 $15) 72. Bh7 $1 $11 Kc4 (72... Kb4 $11) 73. Bg8+ $1 $15 Kc3 ({Black should try} 73... Kb4 $15) 74. Bh7 $1 $11 Kb4 75. Bg8 ({White should play} 75. Kd3 $1 $11) 75... Nb5 (75... Kb5 $15) 76. Bh7 Nd6 77. Kd3 Kc5 78. Bg8 Kb5 79. Be6 Kc5 80. Bg8 Kb5 81. Be6 Kc5 {[%emt 0:01:18] Weighted Error Value: White=0.09 (flawless) /Black=0.06 (flawless)} (81... Kc6 $1 $15) 1/2-1/2

[Event "Romanian Superleague 2022"]
[Site "Oradea"]
[Date "2022.09.29"]
[Round "9.26"]
[White "Padurariu, Mihai-Edward"]
[Black "Secheres, Adrian-Simion"]
[Result "0-1"]
[ECO "D00"]
[WhiteElo "2263"]
[BlackElo "2375"]
[Annotator "TA"]
[PlyCount "94"]
[EventDate "2022.09.21"]
[EventType "team-tourn"]
[EventCountry "ROU"]
[SourceTitle "playchess.com"]
[Source "ChessBase"]
[SourceQuality "1"]
[TimeControl "40/5400+30:1800+30"]

1. d4 Nf6 2. Bg5 d5 3. e3 c5 4. Bxf6 gxf6 5. Bb5+ Bd7 6. Bxd7+ {[%emt 0:00:26] D00: 1 d4 d5: Unusual lines.} Nxd7 7. Nf3 {[%emt 0:06:00] [#]} cxd4 $146 (7... Qb6 $5 ) ({Predecessor:} 7... e6 8. O-O Bg7 9. Nc3 f5 10. Ne2 Rc8 11. c3 O-O 12. Nf4 cxd4 13. exd4 Kh8 {1-0 (36) Morozevich,A (2741)-Leko,P (2749) Monte Carlo 2007}) 8. exd4 {[%emt 0:00:36] The position is equal.} Qb6 9. Nc3 e6 10. Rb1 Bb4 11. O-O Bxc3 12. bxc3 Qc7 13. Qd3 O-O 14. Rfe1 Kh8 15. Nd2 Rac8 16. Re3 Rg8 17. Qb5 Qd6 18. Qb4 (18. Qxb7 $2 Rb8 19. Qxa7 Ra8 $19) 18... Qxb4 19. Rxb4 Rc7 20. Kf1 (20. c4 $11 {remains equal.}) 20... Rgc8 ({Better is} 20... Nb6 $17) 21. Ke2 (21. c4 $1 $11) 21... Nb6 (21... Nb8 $17) 22. a4 $1 $15 Nd7 (22... Rxc3 23. a5 $16) 23. Rb3 (23. c4 $11) 23... b6 24. f4 ({White should play} 24. a5 $15) 24... f5 $17 25. Ra3 ({White should try} 25. a5) 25... Nf6 26. h3 Ne8 27. g4 Nd6 28. Rb3 Rg8 29. g5 Kg7 30. h4 h5 31. Ra3 Rgc8 32. Rb3 Rc6 33. Kd3 {[%emt 0:01:13] [#]} (33. Nb1 $17) 33... Nc4 (33... Rc4 $1 $19 34. Ra3 b5) 34. Re1 Nd6 (34... R6c7 $17 35. Rh1 Nd6) 35. Ra1 (35. Re3 $1 $11 {was the only way to keep the balance.}) 35... a6 36. Rab1 (36. Nf3 $17) 36... b5 $36 {[%emt 0:00:27][%cal Bb6b5,Bb5b4,Bb4c3][%mdl 2080] Keeping White busy.} 37. Ra1 Ne4 38. Nxe4 (38. Nb1 {might work better.}) 38... fxe4+ $19 {[%emt 0:00:05][%mdl 4096] Endgame KRR-KRR} ({Don't blunder} 38... dxe4+ $2 39. Kd2 $19) 39. Kd2 b4 40. Rab1 Rxc3 ({Worse is} 40... bxc3+ 41. Ke3 $11) 41. Rxc3 bxc3+ {[%emt 0:01:56] KR-KR} (41... Rxc3 $2 {is the wrong capture.} 42. Rxb4 Rf3 43. f5 Rxf5 44. c4 $19) 42. Ke3 Rc4 43. a5 Ra4 44. Rb3 Rxa5 {[%emt 0:00:33] ...Ra1 is the strong threat.} 45. Rxc3 Ra1 46. Rc6 Rh1 47. Rxa6 $2 {[%emt 0:03:55] [#]} (47. c4 Rh3+ 48. Ke2) 47... Rxh4 {[%emt 0:01:40] Weighted Error Value: White=0.40/Black=0.21 (precise)} 0-1

[Event "Romanian Superleague 2022"]
[Site "Oradea"]
[Date "2022.09.29"]
[Round "9.27"]
[White "Filip, Andrei"]
[Black "Voiteanu, Gabriel"]
[Result "1-0"]
[ECO "C42"]
[WhiteElo "2356"]
[BlackElo "2154"]
[Annotator "TA"]
[PlyCount "107"]
[EventDate "2022.09.21"]
[EventType "team-tourn"]
[EventCountry "ROU"]
[SourceTitle "playchess.com"]
[Source "ChessBase"]
[SourceQuality "1"]
[TimeControl "40/5400+30:1800+30"]

1. e4 e5 2. Nf3 Nf6 3. Nxe5 d6 4. Nf3 Nxe4 5. d4 d5 6. Bd3 Be7 7. O-O Nc6 8. Nbd2 $1 {[%emt 0:00:34][%mdl 4] is recently more successful than 8.c4.} Bf5 9. Re1 Nd6 {[%emt 0:01:12] C42: Petroff Defence: 3 Nxe5 and unusual White 3rd moves.} (9... Nxd2 $14 {deserves consideration.} 10. Qxd2 (10. Bxf5 Nxf3+ 11. gxf3 O-O $11) 10... Bg6) 10. Nb3 (10. Bxf5 Nxf5 11. c3 Qd7 $11) (10. Nf1 $1 $16) 10... Bxd3 $14 11. Qxd3 O-O {[%emt 0:00:54] White has an edge.} 12. c3 Ne4 13. Bf4 Bd6 14. Bxd6 (14. Ne5 {looks sharper.} a5 15. f3 Ng5 16. Nxc6 bxc6 17. Bxg5 Qxg5 18. Qe2) 14... Qxd6 15. Re2 {[%emt 0:04:42] [#]} Ne7 $146 ({Predecessor:} 15... Nd8 16. Nc5 Nf6 17. Qc2 b6 18. Nd3 Ne6 19. Rae1 Rfe8 20. Qa4 c5 21. dxc5 bxc5 {½-½ (30) Noble,M (2502)-Romm,M (2458) ICCF email 2013}) 16. Rae1 {[%emt 0:04:31][%cal Ob3c5] Strongly threatening Nc5!} Ng6 {[%emt 0:02:40] aiming for ...Nf4.} 17. g3 {[%emt 0:00:23] [#] Inhibits Nf4.} (17. Re3 $11 {keeps the balance.}) 17... f5 $2 (17... Nf4 $1 $17 18. gxf4 Qg6+ 19. Ng5 Nxg5 20. Qxg6 Nf3+ 21. Kh1 fxg6) 18. Nfd2 (18. Ne5 $5) 18... Rf6 19. Kg2 h5 20. Kg1 (20. c4 $11) 20... h4 $15 21. Qf3 Kf7 22. Nc5 (22. Nxe4 fxe4 23. Qe3 Rf8 $17) 22... b6 23. Nd3 (23. Ndxe4 $2 fxe4 24. Nxe4 Rxf3 $19) 23... Rh8 24. Qg2 (24. g4 $11 Nxd2 25. Rxd2 fxg4 26. Qxg4) 24... Nxd2 (24... hxg3 $15 25. hxg3 Kg8) 25. Ne5+ $14 Kg8 $1 {[%emt 0:00:46] ...Ne4 is the strong threat.} (25... Nxe5 $2 26. dxe5 h3 27. Qh1 $18 (27. exd6 hxg2 28. Rxd2 Rxd6 $14)) 26. Rxd2 hxg3 27. hxg3 {[%emt 0:01:19] Black must now prevent Nxg6.} (27. Qxg3 f4 28. Qg2 Rh5 $11) (27. fxg3 $5 Nf8 28. Rf2 $14) 27... Qe6 $2 {[%emt 0:00:38] [#] This move loses the game for Black.} (27... Rh6 $14) 28. Rde2 $1 $18 {[%emt 0:00:36][%cal Bd2e2,Be2e5,Be5d5][%mdl 32] And now Nxg6 would win.} Nxe5 29. Rxe5 Qf7 (29... Qc6 $142 30. Rxd5 (30. Qxd5+ Qxd5 31. Rxd5 Rf7 $18) 30... Kf7) 30. Qxd5 ({Don't play} 30. Re8+ Kh7 31. R8e7 Qh5 32. Qxd5 Kg6 $18) (30. Re7 $142 Qh5 31. Qxd5+ Kh7 32. Rxc7) 30... Qxd5 31. Rxd5 {[%emt 0:00:01][%mdl 4096] Endgame KRR-KRR} Rh5 (31... Rf7 $142 32. Re6 Kh7) 32. Re7 c6 33. Rde5 a5 34. R5e6 {[%emt 0:01:42] Hoping for Rxf6.} Rhh6 (34... f4 $142 35. Rxf6 gxf6) 35. Rxf6 Rxf6 {[%emt 0:00:01] KR-KR} 36. Rb7 b5 37. d5 a4 38. a3 cxd5 39. Rxb5 d4 (39... Rd6 {was necessary.} 40. Kf1 g6) 40. cxd4 Rd6 41. Rb4 Ra6 42. Kf1 Kf7 43. Ke2 Ke6 44. Kd3 g5 45. Rb5 Ra8 46. Rb6+ Kf7 (46... Kd7 $142 47. Rb5 Ke6) 47. d5 {[%emt 0:00:48][%cal Bd4d5,Bd5d6][%mdl 32] Threatens to win with Kd4.} Rd8 (47... Re8 {might work better.} 48. Rb4 Re5) 48. Kd4 Re8 49. Re6 {[%emt 0:01:33] Against Re2. White threatens Rxe8 and mate.} Rb8 50. Re2 Kf6 51. d6 f4 52. gxf4 {[%emt 0:01:04] White mates.} gxf4 53. Kc5 f3 54. Rd2 {[%emt 0:00:10] Weighted Error Value: White=0.22 (precise) /Black=0.52} 1-0

[Event "Romanian Superleague 2022"]
[Site "Oradea"]
[Date "2022.09.29"]
[Round "9.28"]
[White "Oprisor, Razvan-Gabriel"]
[Black "Nastore, Pavel-Alexandru"]
[Result "1/2-1/2"]
[ECO "A36"]
[WhiteElo "2175"]
[BlackElo "2279"]
[Annotator "TA"]
[PlyCount "37"]
[EventDate "2022.09.21"]
[EventType "team-tourn"]
[EventCountry "ROU"]
[SourceTitle "playchess.com"]
[Source "ChessBase"]
[SourceQuality "1"]
[TimeControl "40/5400+30:1800+30"]

1. e4 c5 2. c4 Nc6 3. Nc3 g6 4. g3 Bg7 5. Bg2 d6 6. Nge2 Nf6 7. d3 O-O 8. O-O a6 9. h3 Rb8 10. f4 {[%emt 0:00:30] The position is equal.} Nd7 {[%emt 0:00:30] A36: Symmetrical English vs ...g6: 4 Bg2 Bg7.} 11. a4 Nd4 12. Be3 e6 {[%emt 0:00:30] [#] A rather calm draw.  Weighted Error Value: White=0.05 (flawless) /Black=0.05 (flawless)} {Predecessor:} 13. Rb1 $146 b6 14. b4 Bb7 15. Qd2 f5 16. Kh2 Kh8 17. Ng1 cxb4 18. Rxb4 a5 19. Rbb1 {0-1 (41) Quesada Perez,L (2513)-Albornoz Cabrera,C (2577) Santa Clara 2019} 1/2-1/2